 Dungeon Crawl Stone Soup version 0.18.1-48-g4cf74bf (console) character file.

143 Kloppie the Skirmisher (level 5, 0/70 HPs)
             Began as a Hill Orc Berserker on Sept 1, 2016.
             Was a Believer of Trog.
             Killed from afar by an orc wizard (10 damage)
             ... with a puff of flame
             ... on level 3 of the Dungeon.
             The game lasted 00:04:07 (4035 turns).

Kloppie the Skirmisher (Hill Orc Berserker)         Turns: 4035, Time: 00:04:08

Health: 0/70       AC:  5    Str: 25    XL:     5   Next: 25%
Magic:  5/5        EV: 11    Int:  7    God:    Trog [**....]
Gold:   107        SH:  0    Dex: 11    Spells: 0 memorised, 4 levels left

rFire  . . .     SeeInvis .     a - +0 falchion
rCold  . . .     Gourm    .     q - +0 ring mail
rNeg   . . .     Faith    .     (no shield)
rPois  .         Spirit   .     (no helmet)
rElec  .         Dismiss  .     (no cloak)
rCorr  .         Reflect  .     (no gloves)
SustAt .         Harm     .     (no boots)
MR     .....                    (no amulet)
Stlth  ..........               (no ring)
                                (no ring)

@: confused, berserking, very quick, not resistant to hostile enchantments,
extremely unstealthy
A: no striking features
a: Berserk, Trog's Hand, Burn Spellbooks, Renounce Religion


You were on level 3 of the Dungeon.
You worshipped Trog.
Trog was pleased with you.
You were not hungry.

You visited 1 branch of the dungeon, and saw 3 of its levels.

You collected 107 gold pieces.

Inventory:

Hand Weapons
 a - a +0 falchion (weapon)
Armour
 q - a +0 ring mail (worn)
Jewellery
 b - an uncursed ring of wizardry {unknown}
 d - a +6 ring of intelligence {unknown}
 h - an uncursed amulet of regeneration {unknown}
 i - an uncursed amulet of harm {unknown}
 r - an uncursed ring of protection from cold {unknown}
Scrolls
 e - 3 scrolls of identify {unknown}
 f - 3 scrolls of fog {unknown}
 g - 2 scrolls of remove curse {unknown}
 j - a scroll of immolation {unknown}
Potions
 k - a potion of brilliance {unknown}
 m - 2 potions of magic {unknown}
 n - a potion of resistance {unknown}
 o - a potion of ambrosia {unknown}
 p - a potion of haste {unknown}
Comestibles
 c - 3 bread rations
 l - 2 fruits


   Skills:
 + Level 4.8 Fighting
 + Level 4.7 Long Blades
 + Level 3.6 Armour
 - Level 1.5 Dodging


You had 4 spell levels left.
You didn't know any spells.

Dungeon Overview and Level Annotations

Branches:
Dungeon (3/15)

Altars:
Cheibriados
Fedhas
The Shining One

Annotations:
D:3 Natasha


Message History

Eat which item? (? for menu, Esc to quit)
The orc wizard points at you and mumbles some strange words.
The puff of flame hits you! The iron imp hits you!
* * * LOW HITPOINT WARNING * * *
Natasha claws you.
* * * LOW HITPOINT WARNING * * *
Mmmm...
Yummy eggfruit.
A red film seems to cover your vision as you go berserk!
You feel yourself moving faster!
You feel mighty!
You feel somewhat more hungry. The orc wizard casts a spell at you.
You are confused.
Natasha closely misses you.
You hit the orc wizard.
The orc wizard is heavily wounded.
The iron imp hits you!
* * * LOW HITPOINT WARNING * * *
The orc wizard gestures at you while chanting.
The puff of flame hits you!
You die...

#.# #......#.##### #... ###
#.###)#....#.# #.##
######.###.....#......# #...
......#...####.######## ####.##
####.#(##.# #...## #....##
#.....##.# ##...# #.#..##
#.#.#..#.# #...# #......
#.#.#..#.# #.o.# ##.####
##.#.#..#.# #.@.# #.# ..........#
#5h.# #.#
..#.##..#######...##########.####
.###.#..#.......................#
## ##........................<...
.###.#.##........................
..#.##.########(..######......#..
......<# ###...### #......#..
###.#### #.......# ###.......


You could see an iron imp, an orc wizard and Natasha.

Vanquished Creatures
  Natasha (D:3)
  5 adders
  A worm (D:2)
  A dart slug (D:1)
  2 giant geckos (D:1)
  An orc (D:3)
  5 giant cockroaches
  3 hobgoblins
  3 jackals (D:3)
  11 kobolds
  3 quokkas
  4 ball pythons
  5 bats
  6 giant newts
  8 goblins
  5 rats
64 creatures vanquished.

Vanquished Creatures (others)
  An adder (D:2)
1 creature vanquished.

Grand Total: 65 creatures vanquished

Notes
Turn   | Place    | Note
--------------------------------------------------------------
     0 | D:1      | Kloppie the Hill Orc Berserker began the quest for the Orb.
     0 | D:1      | Reached XP level 1. HP: 19/19 MP: 1/1
   494 | D:1      | Reached XP level 2. HP: 22/27 MP: 2/2
  1243 | D:1      | Reached XP level 3. HP: 33/33 MP: 3/3
  1313 | D:1      | Reached ** piety under Trog
  1841 | D:2      | Reached XP level 4. HP: 41/41 MP: 4/4
  3276 | D:3      | Noticed Natasha
  3300 | D:3      | Killed Natasha
  3300 | D:3      | Reached XP level 5. HP: 16/47 MP: 5/5
  3866 | D:3      | Found a glowing golden altar of the Shining One.
  3877 | D:3      | Found a blossoming altar of Fedhas.
  3938 | D:3      | Found a snail-covered altar of Cheibriados.
  4027 | D:3      | Noticed Natasha
  4035 | D:3      | Killed from afar by an orc wizard

Skill      XL: |  1  2  3 |
---------------+----------+-----
Fighting       | 4 |  4.8
Long Blades    | 4 |  4.7
Armour         | 3 |  3.6
Dodging        | |  1.5

Action                   |  1- 3 |  4- 6 || total
-------------------------+-------+-------++-------
Melee: Falchion          |   131 |   160 ||   291
Invok: Berserk           |     2 |     2 ||     4
       Trog's Hand       |       |     3 ||     3
 Stab: Distracted        |     1 |       ||     1
       Sleeping          |     1 |       ||     1
  Eat: Chunk             |     5 |     7 ||    12
       Fruit             |       |     2 ||     2
Armor: Animal skin       |    13 |     6 ||    19
       Leather armour    |       |    11 ||    11
       Ring mail         |       |    30 ||    30
Dodge: Dodged            |    97 |   115 ||   212
